 Dungeon Crawl Stone Soup version 0.30-a0-23-ge60ba3568b (webtiles) character file.

Game seed: 2885555519933119956

241 Cedruin the Chopper (level 5, -8/40 (41) HPs)
             Began as a Demonspawn Gladiator on Aug 24, 2022.
             Killed by nerve-wracking pain
             ... invoked by Grinder
              (12 damage)
             ... on level 3 of the Dungeon.
             The game lasted 00:03:19 (3073 turns).

Cedruin the Chopper (Demonspawn Gladiator)          Turns: 3073, Time: 00:03:19

HP:   -8/40 (41)    AC:  9    Str: 16    XL:     5   Next: 80%
MP:   5/5           EV: 12    Int: 10    God:
Gold: 94            SH:  5    Dex: 14    Spells: 4/4 levels left

rFire   . . .      SeeInvis .    a - +0 war axe
rCold   . . .      Faith    .    (no shield)
rNeg    . . .      Spirit   .    f - +0 ring mail
rPois   .          Reflect  +    c - +1 helmet
rElec   .          Harm     .    (no cloak)
rCorr   .          Rampage  .    (no gloves)
Will    .....                    b - +1 pair of boots
Stlth   +.........               m - amulet of reflection
HPRegen 0.13/turn                (no ring)
MPRegen 0.09/turn                (no ring)

@: lightly drained
A: powered by pain 1, sturdy frame 1, weakness stinger 1
a: no special abilities


You were on level 3 of the Dungeon.
You visited 1 branch of the dungeon, and saw 3 of its levels.

You collected 94 gold pieces.

Inventory:

Hand Weapons
 a - a +0 war axe (weapon)
Armour
 b - a +1 pair of boots (worn)
 c - a +1 helmet (worn)
 f - a +0 ring mail (worn)
Jewellery
 m - an amulet of reflection (around neck)
Scrolls
 j - a scroll of fear
Potions
 g - 3 potions of attraction {unknown}
 h - a potion of might {unknown}
 i - a potion of ambrosia {unknown}
 k - 2 potions of heal wounds {unknown}
 l - 2 potions of curing {unknown}
 n - a potion of mutation {unknown}
 o - a potion of brilliance {unknown}


   Skills:
 + Level 3.4 Fighting
 * Level 4.6 Axes
 - Level 1.7 Throwing
 + Level 3.8 Dodging


You had 4 spell levels left.
You didn't know any spells.
Your spell library contained the following spells:

 Spells                   Type           Power      Damage    Failure   Level
 Dazzling Flash           Conj/Hex       0%         N/A       83%         3
 Agony                    Necr           0%         N/A       100%        5
 Silence                  Hex/Air        0%         N/A       100%        5


Dungeon Overview and Level Annotations

Branches:
Dungeon (3/15)

Altars:

Annotations:
D:3 Grinder


Innate Abilities, Weirdness & Mutations

You sometimes gain a little power by taking damage.
Your movements are slightly less encumbered by armour. (ER -2)
You have a small tail.


Message History

You hit Grinder.
Grinder is heavily wounded.
Grinder gestures at you. Pain shoots through your body!
You are too injured to fight recklessly!
You are too injured to fight recklessly!
Throw: 2 throwing nets
Press: ? - help, Q - select action, (/) - cycle Shift-Dir - straight line, f - Grinder
Aim: Grinder (heavily wounded, 55% to hit)
You throw a throwing net. The throwing net hits Grinder.
Grinder is caught in the net!
Grinder is heavily wounded.
Grinder gestures at you. Pain shoots through your body!
* * * LOW HITPOINT WARNING * * *
Grinder struggles against the net.
You hit Grinder.
Grinder is heavily wounded.
You slash Grinder!
Grinder is severely wounded.
Grinder gestures at you. Pain shoots through your body!
* * * LOW HITPOINT WARNING * * *
Grinder struggles against the net.
You hit Grinder. You tail-slap Grinder.
Grinder is almost dead.
You hit Grinder but do no damage.
Grinder is almost dead.
Grinder blinks!
Throw: javelin
Press: ? - help, Q - select action, (/) - cycle Shift-Dir - straight line, f/p - Grinder
Aim: Grinder (almost dead, 55% to hit)
You throw a javelin. The javelin barely misses Grinder.
Throw: throwing net
Press: ? - help, Q - select action Shift-Dir - straight line, f/p - Grinder
Aim: Grinder (almost dead, 55% to hit)
You throw a throwing net. The throwing net barely misses Grinder.
Grinder gestures at you. Pain shoots through your body!
You die...

#........
#.####... #.#
#... #.# #.).
#.####...
#........
#.####...
#.############.#
#...
#(..5@.........#
#...
################
#.#. #... #...
##.. ###


You could see Grinder.

Vanquished Creatures
  An ice beast (D:3)
  An orc priest (D:3)
  Jessica (D:3)
  3 adders (D:2)
  A worm (D:2)
  4 orcs (D:3)
  6 ball pythons
  7 bats
  6 endoplasms
  3 giant cockroaches
  2 goblins (D:1)
  A hobgoblin (D:2)
  9 jackals (D:2)
  6 kobolds
  2 quokkas
  7 frilled lizards
  2 rats
  A spectral hobgoblin (D:3)
63 creatures vanquished.

Notes
Turn   | Place    | Note
-------+----------+-------------------------------------------
     0 | D:1      | Cedruin the Demonspawn Gladiator began the quest for the
                  | Orb.
     0 | D:1      | Reached XP level 1. HP: 16/16 MP: 1/1
   161 | D:1      | Reached skill level 3 in Axes
   161 | D:1      | Gained mutation: You sometimes gain a little power by
                  | taking damage. [demonic ancestry]
   161 | D:1      | Reached XP level 2. HP: 19/22 MP: 2/2
  1030 | D:2      | Gained mutation: Your movements are slightly less
                  | encumbered by armour. (ER -2) [demonic ancestry]
  1030 | D:2      | Reached XP level 3. HP: 21/28 MP: 3/3
  1635 | D:2      | Reached XP level 4. HP: 9/34 MP: 4/4
  2551 | D:3      | Noticed an ice beast
  2571 | D:3      | Killed an ice beast
  2572 | D:3      | Reached skill level 4 in Axes
  2572 | D:3      | Gained mutation: You have a small tail. [demonic ancestry]
  2572 | D:3      | Reached XP level 5. HP: 29/41 MP: 5/5
  2803 | D:3      | Noticed Jessica
  2807 | D:3      | Found a faded altar of an unknown god.
  2823 | D:3      | Killed Jessica
  3058 | D:3      | Noticed Grinder
  3073 | D:3      | Killed from afar by Grinder

Illustrated notes

Levels and vault maps discovered:
D:1:      heliophobic_arrival_henge, layout_basic
D:2:      layout_basic
D:3:      layout_loops_ring, dreamdust_ecumenical_altar_drowned_temple,
          uniq_jessica, uniq_grinder

Skill      XL: |  1  2  3  4 |
---------------+-------------+-----
Axes           | 3 4 |  4.6
Dodging        | 3 |  3.8
Fighting       | 3 |  3.4
Throwing       | |  1.7

Action                   |  1- 3 |  4- 6 || total
-------------------------+-------+-------++-------
Melee: War axe           |   123 |    67 ||   190
       Punch             |       |     1 ||     1
       Tailslap          |       |     5 ||     5
Throw: Throwing net      |       |     3 ||     3
       Javelin           |       |     1 ||     1
  Use: Scroll            |     2 |     4 ||     6
Armor: Ring mail         |    51 |    23 ||    74
       Leather armour    |     3 |       ||     3
Dodge: Dodged            |   103 |    38 ||   141
Block: Other             |       |     7 ||     7

Table legend: (Time is in decaauts)
 A = Elapsed time spent in this place.
 B = Non-inter-level travel time spent in this place.
 C = Inter-level travel time spent in this place.
 D = Time resting spent in this place.
 E = Time spent auto-exploring this place.
 F = Levels seen in this place.
 G = Mean time per level.
                   A        B        C        D        E       F      G
               +--------+--------+--------+--------+--------+-----+--------+
         Total |   3138 |   3100 |     38 |    100 |   2512 |   3 | 1046.0 |
       Dungeon |   3138 |   3100 |     38 |    100 |   2512 |   3 | 1046.0 |
               +--------+--------+--------+--------+--------+-----+--------+

Top non-repeatable levels by time:
     D:2: 1534 daAuts
     D:1: 1012 daAuts
     D:3: 591 daAuts
